 Dungeon Crawl Stone Soup version 0.19.1 (webtiles) character file.

140 StormySan the Skirmisher (level 5, -9/47 HPs)
             Began as a Minotaur Fighter on Dec 16, 2016.
             Mangled by Philosophy's ghost (14 damage)
             ... on level 3 of the Dungeon.
             The game lasted 00:05:28 (1407 turns).

StormySan the Skirmisher (Minotaur Fighter)         Turns: 1407, Time: 00:05:29

Health: -9/47      AC:  7    Str: 26    XL:     5   Next: 2%
Magic:  4/4        EV:  7    Int:  5    God:
Gold:   60         SH: 10    Dex: 10    Spells: 0 memorised, 4 levels left

rFire  . . .     SeeInvis .     a - +0 war axe
rCold  . . .     Gourm    .     b - +0 scale mail
rNeg   . . .     Faith    +     c - +0 shield
rPois  .         Spirit   .     (helmet restricted)
rElec  .         Reflect  .     (no cloak)
rCorr  .         Harm     .     (no gloves)
MR     .....                    (no boots)
Stlth  ..........               i - amulet of faith
                                (no ring)
                                (no ring)

@: mighty
A: retaliatory headbutt, horns 2
a: no special abilities


You were on level 3 of the Dungeon.
You were not hungry.

You visited 1 branch of the dungeon, and saw 3 of its levels.

You collected 60 gold pieces.

Inventory:

Hand Weapons
 a - a +0 war axe (weapon)
Armour
 b - a +0 scale mail (worn)
 c - a +0 shield (worn)
Jewellery
 i - an amulet of faith (around neck)
Scrolls
 h - a scroll of enchant armour {unknown}
 j - 2 scrolls of noise {unknown}
 k - a scroll of teleportation {unknown}
 m - 3 scrolls of remove curse
 x - a scroll of identify {unknown}
Potions
 d - a potion of might
 e - a potion of heal wounds {unknown}
 g - a potion of haste {unknown}
 n - a potion of agility {unknown}
 o - a potion of lignification {unknown}
 s - a potion of resistance {unknown}
 t - 2 potions of flight {unknown}
 u - a potion of berserk rage {unknown}
 w - 3 potions of curing {unknown}
Comestibles
 f - 2 bread rations
 l - 2 meat rations
 p - a royal jelly
 q - a beef jerky
 v - 2 fruits


   Skills:
 + Level 4.8 Fighting
 * Level 3.8 Axes
 + Level 4.6 Armour
 + Level 4.4 Shields


You had 4 spell levels left.
You didn't know any spells.

Dungeon Overview and Level Annotations

Branches:
Dungeon (3/15)

Altars:
Sif Muna

Annotations:
D:3 Philosophy's ghost, amateur FoFi


Innate Abilities, Weirdness & Mutations

You reflexively headbutt those who attack you in melee.
You have a pair of horns on your head.


Message History

Philosophy's ghost is severely damaged.
You block Philosophy's ghost's attack. Philosophy's ghost hits you!
* * * LOW HITPOINT WARNING * * *
You feel very mighty all of a sudden. Philosophy's ghost hits you.
* * * LOW HITPOINT WARNING * * *
You slash Philosophy's ghost!
Philosophy's ghost is almost destroyed.
Philosophy's ghost barely misses you.
You barely miss Philosophy's ghost.
Your headbutt misses Philosophy's ghost.
Philosophy's ghost is almost destroyed.
Philosophy's ghost hits you but does no damage.
Philosophy's ghost hits you.
* * * LOW HITPOINT WARNING * * *
You barely miss Philosophy's ghost.
Your headbutt misses Philosophy's ghost.
Philosophy's ghost is almost destroyed.
Philosophy's ghost hits you!
You die...

#.# #.# #.# #.#
#.# #.# #.#
#.######.##
#....#.@W...$.#
#.###.######.##
#. #. #[ #. #.
..


You could see Philosophy's ghost.

Vanquished Creatures
  Ijyb (D:2)
  Robin (D:2)
  3 adders (D:2)
  A worm (D:2)
  2 dart slugs
  3 leopard geckos (D:1)
  2 ball pythons (D:2)
  5 giant cockroaches
  14 goblins
  8 hobgoblins
  8 bats
  3 frilled lizards
  7 kobolds
  7 rats
65 creatures vanquished.

Notes
Turn   | Place    | Note
-------+----------+-------------------------------------------
     0 | D:1      | StormySan the Minotaur Fighter began the quest for the Orb.
     0 | D:1      | Reached XP level 1. HP: 19/19 MP: 0/0
    33 | D:1      | Reached XP level 2. HP: 21/27 MP: 1/1
   287 | D:1      | Reached XP level 3. HP: 30/33 MP: 2/2
   550 | D:2      | Noticed Ijyb
   570 | D:2      | Killed Ijyb
   570 | D:2      | Reached XP level 4. HP: 28/41 MP: 3/3
   937 | D:2      | Found a deep blue altar of Sif Muna.
  1142 | D:2      | Noticed Robin
  1163 | D:2      | Killed Robin
  1178 | D:2      | Reached XP level 5. HP: 41/47 MP: 4/4
  1385 | D:3      | Noticed Philosophy's ghost (amateur FoFi)
  1407 | D:3      | Mangled by Philosophy's ghost

Skill      XL: |  1  2  3 |
---------------+----------+-----
Fighting       | 4 |  4.8
Armour         | 4 |  4.6
Axes           | 3 |  3.8
Shields        | 4 |  4.4

Action                   |  1- 3 |  4- 6 || total
-------------------------+-------+-------++-------
Melee: War axe           |    75 |    96 ||   171
       Headbutt          |    10 |    14 ||    24
  Use: Scroll            |     1 |       ||     1
       Potion            |       |     1 ||     1
  Eat: Chunk             |       |     2 ||     2
Armor: Scale mail        |    46 |    39 ||    85
Dodge: Dodged            |    41 |    30 ||    71
Block: Shield            |    52 |    52 ||   104
